 Dungeon Crawl Stone Soup version 0.29.0-11-gd7f09526c8 (webtiles) character file.

Game seed: 10694465307783783077

32 greenreed the Digger (level 3, -3/26 HPs)
             Began as a Draconian Earth Elementalist on Sept 5, 2022.
             Slain by a goblin
             ... wielding a +0 club
             ... led by Robin
              (5 damage)
             ... on level 2 of the Dungeon.
             The game lasted 00:02:35 (844 turns).

greenreed the Digger (Draconian Earth Elementalist)  Turns: 844, Time: 00:02:35

Health: -3/26      AC:  5    Str: 16    XL:     3   Next: 8%
Magic:  1/7        EV: 12    Int: 17    God:
Gold:   44         SH:  0    Dex: 11    Spells: 6/7 levels left

rFire   . . .      SeeInvis .   j - +0 short sword (holy)
rCold   . . .      Faith    .   (no shield)
rNeg    . . .      Spirit   .   (body armour unavailable)
rPois   .          Reflect  .   (helmet restricted)
rElec   .          Harm     .   (no cloak)
rCorr   .          Rampage  .   (no gloves)
Will    .....                   (no boots)
Stlth   ++........              (no amulet)
HPRegen 0.08/turn               f - +6 ring of strength
MPRegen 0.10/turn               (no ring)

@: no status effects
A: AC +5, unfitting armour, cold-blooded
a: no special abilities


You were on level 2 of the Dungeon.
You visited 1 branch of the dungeon, and saw 2 of its levels.

You collected 44 gold pieces.

Inventory:

Hand Weapons
 j - a +0 short sword of holy wrath (weapon)
Magical Staves
 l - a staff of death
Jewellery
 f - a +6 ring of strength (left hand)
Scrolls
 c - a scroll of identify {unknown}
 g - a scroll of enchant weapon {unknown}
 h - a scroll of blinking {unknown}
Potions
 a - a potion of magic
 b - a potion of brilliance {unknown}
 d - a potion of cancellation {unknown}
 e - a potion of might {unknown}
 i - a potion of curing {unknown}
 k - a potion of ambrosia {unknown}


   Skills:
 + Level 1.9 Dodging
 + Level 1.7 Stealth
 + Level 2.7 Spellcasting
 + Level 1.0 Transmutations
 + Level 3.6 Earth Magic


You had 6 spell levels left.
You knew the following spells:

 Your Spells              Type           Power      Damage    Failure   Level
a - Sandblast             Erth           28%        2d8       4%          1

Your spell library contained the following spells:

 Spells                   Type           Power      Damage    Failure   Level
 Passwall                 Tmut/Erth      8%         N/A       11%         2
 Necrotise                Necr           8%         1d4       19%         1
 Stone Arrow              Conj/Erth      16%        3d8       26%         3
 Vampiric Draining        Necr           2%         2d6       47%         3
 Petrify                  Tmut/Erth      10%        N/A       56%         4
 Agony                    Necr           2%         N/A       99%         5


Dungeon Overview and Level Annotations

Branches:
Dungeon (2/15)

Altars:

Annotations:
D:2 Robin


Innate Abilities, Weirdness & Mutations

Your plain brown scales are hard. (AC +5)
You cannot fit into any form of body armour.
You are cold-blooded and may be slowed by cold attacks.


Message History

Aim: a jackal (77% to hit)
The blast of sand hits the jackal.
The jackal is heavily wounded.
The jackal bites you but does no damage.
The jackal closely misses you.
Casting: Sandblast (safe; 4% risk of failure)
Confirm with . or Enter, or press ? or * to list all spells.
Aiming: Sandblast (safe; 4% risk of failure)
Press: ? - help, Shift-Dir - straight line, f/p - jackal
Aim: a jackal (heavily wounded, 77% to hit)
The blast of sand hits the jackal.
The jackal is almost dead.
The jackal closely misses you. The jackal misses you.
The goblin shoots a sling bullet.
The sling bullet hits you but does no damage.
The jackal misses you.
The goblin shoots a sling bullet.
The sling bullet hits you.
* * * LOW HITPOINT WARNING * * *
You hear a shout!
The jackal barely misses you.
Robin roars a battlecry!
The goblins go into a battle-frenzy!
The jackal attacks as you move away! The jackal bites you.
* * * LOW HITPOINT WARNING * * *
Casting: Sandblast (safe; 4% risk of failure)
Confirm with . or Enter, or press ? or * to list all spells.
Aiming: Sandblast (safe; 4% risk of failure)
Press: ? - help, Shift-Dir - straight line, f/p - jackal
Aim: a jackal (severely wounded, 77% to hit)
The blast of sand hits the jackal.
The jackal is almost dead.
The jackal misses you. The jackal closely misses you.
Robin roars a battlecry!
You hear a shout!
You hit the jackal.
You kill the jackal!
Robin throws the goblin at you!
The goblin unwields a +0 sling.
The goblin wields a +0 dagger.
The goblin hits you but does no damage. The goblin attacks as you move away!
The goblin hits you with a +0 club.
You die...

#>.........#
#......))..#
#..........#######
#................#
#..........# #...#
...........###...#
.≈≈≈.......#.....#
g≈)≈.>...g....ggg####
.≈≈≈........#.##@...###
......#####.#.#####...#
####..#.g.g...# ###.##
##...####.## #..##
#.^.# #.# ##..# #..#..#
..# ##.## #.###..#.##
#..# ... #... ##..#
.... #### #####.<##


You could see Robin and 3 goblins.

Vanquished Creatures
  A worm (D:2)
  A dart slug (D:1)
  2 ball pythons (D:1)
  2 bats
  4 endoplasms
  4 goblins
  A hobgoblin (D:1)
  3 jackals (D:2)
  2 frilled lizards (D:1)
  2 kobolds (D:1)
  2 rats
24 creatures vanquished.

Notes
Turn   | Place    | Note
-------+----------+-------------------------------------------
     0 | D:1      | greenreed the Draconian Earth Elementalist began the quest
                  | for the Orb.
     0 | D:1      | Reached XP level 1. HP: 14/14 MP: 3/3
   196 | D:1      | Found a faded altar of an unknown god.
   315 | D:1      | Reached XP level 2. HP: 20/20 MP: 0/5
   803 | D:2      | Noticed Robin
   805 | D:2      | Reached XP level 3. HP: 26/26 MP: 2/7
   844 | D:2      | Slain by a goblin

Illustrated notes

Levels and vault maps discovered:
D:1:      heliophobic_arrival_henge, layout_rooms, basic_ecumenical_altar
D:2:      layout_rooms, corexii_item_surrounded_by_moat, minivault_14,
          uniq_crazy_yiuf_cottage, uniq_robin

Action                   || total
-------------------------++-------
Melee: Short sword       ||     7
 Cast: Sandblast         ||    35
Armor: Skin              ||    21
Dodge: Dodged            ||    44
